 Dungeon Crawl Stone Soup version 0.21.1-1-g345015f (webtiles) character file.

19490 xccam the Basher (level 13, -2/103 HPs)
             Began as a Formicid Fighter on Mar 28, 2018.
             Was the Champion of Cheibriados.
             Splashed by an oklob plant's acid (13 damage)
             ... on level 2 of the Lair of Beasts.
             The game lasted 00:23:38 (12214 turns).

xccam the Basher (Formicid Fighter)                Turns: 12214, Time: 00:23:39

Health: -2/103     AC: 12    Str: 42    XL:     13   Next: 5%
Magic:  17/17      EV: 14    Int: 22    God:    Cheibriados [******]
Gold:   360        SH: 15    Dex: 25    Spells: 12/12 levels left

rFire    . . .     SeeInvis +   u - +0 morningstar (flame)
rCold    . . .     Gourm    .   c - +0 shield
rNeg     + . .     Faith    +   x - +0 plate armour
rPois    .         Spirit   .   (helmet unavailable)
rElec    .         Reflect  .   d - +0 cloak
rCorr    .         Harm     .   o - +0 pair of gloves
MR       ++...                  (no boots)
Stlth    ..........             M - amulet of faith
HPRegen  0.27/turn              r - ring of protection from magic
MPRegen  0.15/turn              p - ring of positive energy

@: corroded, very slow
A: permanent stasis, dig shafts and tunnels, four strong arms, antennae 3
a: Dig, Shaft Self, Bend Time, Temporal Distortion, Slouch, Step From Time,
Renounce Religion


You were on level 2 of the Lair of Beasts.
You worshipped Cheibriados.
Cheibriados was exalted by your worship.
You were not hungry.

You visited 3 branches of the dungeon, and saw 14 of its levels.
You also visited: Sewer.

You collected 666 gold pieces.
You spent 306 gold pieces at shops.

Inventory:

Hand Weapons
 a - a +0 flail
 k - a +0 flail of protection
 u - a +0 morningstar of flaming (weapon)
Armour
 c - a +0 shield (worn)
 d - a +0 cloak (worn)
 o - a +0 pair of gloves (worn)
 x - a +0 plate armour (worn)
Jewellery
 p - a ring of positive energy (right hand)
 q - an uncursed ring of stealth
 r - a ring of protection from magic (left hand)
 z - an uncursed ring of flight
 M - an amulet of faith (around neck)
 N - an uncursed amulet of regeneration {unknown}
 O - an uncursed ring of ice
Wands
 b - a wand of iceblast (10)
 s - a wand of disintegration (11)
 D - a wand of paralysis (25)
 E - a wand of scattershot (4)
 F - a wand of polymorph (16)
 K - a wand of digging (10)
Scrolls
 e - 7 scrolls of remove curse
 g - 5 scrolls of fear
 i - a scroll of fog
 j - a scroll of enchant weapon
 l - 7 scrolls of amnesia
 w - 2 scrolls of enchant armour
 G - 3 scrolls of magic mapping
 H - 4 scrolls of brand weapon
 J - a scroll of summoning {unknown}
 L - 5 scrolls of identify
Potions
 h - 3 potions of curing
 m - a potion of magic
 n - 2 potions of flight
 t - a potion of invisibility
 v - a potion of cancellation
 A - a potion of agility
 C - a potion of heal wounds
 I - a potion of lignification
Books
 y - the Handbook of the Entourage and Transmutation
   (You found it on level 6 of the Dungeon)

   Spells                             Type                      Level
   a - Summon Small Mammal            Summoning                    1
   b - Aura of Abjuration             Summoning                    5
   c - Malign Gateway                 Summoning/Translocation      7
   d - Dragon Form                    Transmutation                7
 B - a book of Minor Magic

   Spells                             Type                      Level
   a - Magic Dart                     Conjuration                  1
   b - Blink                          Translocation                2
   c - Call Imp                       Summoning                    2
   d - Slow                           Hexes                        2
   e - Conjure Flame                  Conjuration/Fire             3
   f - Mephitic Cloud                 Conjuration/Poison/Air       3
Comestibles
 f - 28 rations


   Skills:
 + Level 10.2 Fighting
 * Level 13.6 Maces & Flails
 + Level 7.9 Armour
 + Level 5.9 Dodging
 - Level 9.0 Shields
 + Level 6.0 Invocations


You had 12 spell levels left.
You didn't know any spells.

Dungeon Overview and Level Annotations

Branches:
Dungeon (11/15)            Temple (1/1) D:5            Lair (2/6) D:10
    Orc (0/2) D:10
  Swamp: Lair:2-4    Shoals: Lair:2-4     Snake: Lair:2-4    Spider: Lair:2-4

Altars:
Ashenzari
Cheibriados
Dithmenos
Elyvilon
Fedhas
Gozag
Hepliaklqana
Kikubaaqudgha
Makhleb
Nemelex Xobeh
Okawaru
Qazlal
Ru
Sif Muna
Trog
Uskayaw
Vehumet
Wu Jian
Xom
Yredelemnul
Zin
The Shining One

Shops:
D:9 *

Annotations:
Lair:2 exclusion: 4 oklob plants


Innate Abilities, Weirdness & Mutations

You cannot be hasted, slowed, berserked, paralysed or teleported.
You can dig through walls and to a lower floor.
Your four strong arms can wield two-handed weapons with a shield.
You have a pair of large antennae on your head. (SInv)


Message History

You are no longer corroded.
The oklob plant spits acid at you. The splash of acid hits you!
You are splashed with acid!
The acid burns!
The oklob plant spits acid at you. The splash of acid hits you!
You are splashed with acid!
The acid burns!
The oklob plant spits acid at you. The splash of acid hits you!
The acid corrodes you!
You are splashed with acid!
The acid burns!
You see here a marble ring.
Unknown command.
The oklob plant spits acid at you. The splash of acid hits you!
* * * LOW HITPOINT WARNING * * *
You are splashed with acid!
The acid burns!
* * * LOW HITPOINT WARNING * * *
The oklob plant spits acid at you. The splash of acid hits you!
* * * LOW HITPOINT WARNING * * *
You are splashed with acid!
The acid burns!
You die...

###..#.####
#....###
#...#..#
#....#.##.###
##..####.#..#
#P# ##...###
##
##......#.#
##........#
##.#@PPP.###
#.##=$...#
####.$.P.#
#$P.$$#
#$.$.$#
#PP.$.#
#######


You could see 4 oklob plants.

Vanquished Creatures
  Gastronok (D:9)
  Erolcha (D:9)
  Harold (D:10)
  A hydra (D:9)
  3 two-headed ogres
  Urug (D:10)
  The ghost of vatarom the Ruffian, a novice DrTm of Dithmenos (D:8)
  An unseen horror (D:11)
  Maurice (D:9)
  2 black mambas (Lair:2)
  A centaur skeleton (D:10)
  A kobold demonologist (D:11)
  A troll (D:11)
  A merfolk (D:10)
  4 blink frogs
  4 hippogriffs
  A wraith (D:10)
  6 yaks
  A vampire (D:11)
  A wyvern (D:10)
  A steam dragon (D:10)
  Grum (D:9)
  Menkaure (D:5)
  A water moccasin (Lair:2)
  5 porcupines
  An ice beast (D:6)
  4 orc warriors
  A necrophage (D:10)
  Purgy (Sewer)
  An eye of draining (D:9)
  4 phantoms
  4 ogres
  A sky beast (D:6)
  The ghost of ceb the Skirmisher, an amateur DsFi (D:3)
  5 black bears
  14 wolves
  2 centaurs (D:9)
  2 crocodiles
  2 gnoll sergeants
  10 bullfrogs
  7 scorpions
  15 wights
  7 killer bees (D:11)
  A howler monkey (D:9)
  3 crimson imps
  A centaur zombie (D:8)
  A jelly (D:10)
  4 orc priests
  7 hounds
  A bullfrog skeleton (D:11)
  2 iguanas
  6 orc wizards
  5 worker ants
  A hound skeleton (D:5)
  7 gnolls
  5 adders
  4 shadow imps
  An adder zombie (D:9)
  2 adder skeletons
  A worm (D:2)
  2 dart slugs (D:1)
  7 leopard geckos
  38 orcs
  A ball python (D:5)
  10 giant cockroaches
  3 goblins
  5 hobgoblins
  12 jackals
  8 kobolds
  7 quokkas
  A ball python skeleton (D:6)
  5 bats
  6 frilled lizards
  A quokka skeleton (D:5)
  4 rats
  A plant (Lair:2)
288 creatures vanquished.

Vanquished Creatures (others)
  A wraith (D:10)
  An orc (D:10)
  21 fungi (D:10)
  7 plants
30 creatures vanquished.

Grand Total: 318 creatures vanquished

Notes
Turn   | Place    | Note
-------+----------+-------------------------------------------
     0 | D:1      | xccam the Formicid Fighter began the quest for the Orb.
     0 | D:1      | Reached XP level 1. HP: 18/18 MP: 1/1
    46 | D:1      | Reached XP level 2. HP: 24/24 MP: 2/2
    53 | D:1      | Found an iron altar of Okawaru.
   226 | D:1      | Reached skill level 3 in Maces & Flails
   443 | D:1      | Reached XP level 3. HP: 26/29 MP: 3/3
  1443 | D:3      | Found a hazy altar of Hepliaklqana.
  1619 | D:3      | Noticed ceb's ghost (amateur DsFi)
  1628 | D:3      | Killed ceb's ghost
  1628 | D:3      | Reached skill level 5 in Maces & Flails
  1628 | D:3      | Reached XP level 4. HP: 20/35 MP: 4/4
  1628 | D:3      | Reached XP level 5. HP: 24/41 MP: 5/5
  2144 | D:4      | Reached XP level 6. HP: 47/47 MP: 6/6
  2158 | D:4      | Found a glowing drain.
  2162 | Sewer    | Entered a sewer
  2284 | Sewer    | Noticed Purgy
  2318 | Sewer    | Killed Purgy
  2318 | Sewer    | Reached skill level 6 in Maces & Flails
  3071 | D:5      | Entered Level 5 of the Dungeon
  3086 | D:5      | Noticed Menkaure
  3094 | D:5      | HP: 2/47 [Menkaure (10)]
  3409 | D:5      | Killed Menkaure
  3409 | D:5      | Reached skill level 7 in Maces & Flails
  3409 | D:5      | Reached XP level 7. HP: 46/52 MP: 7/7
  3722 | D:5      | Reached skill level 8 in Maces & Flails
  3927 | D:5      | Reached XP level 8. HP: 43/58 MP: 8/8
  3930 | D:5      | Found a staircase to the Ecumenical Temple.
  3955 | Temple   | Entered the Ecumenical Temple
  4142 | Temple   | Became a worshipper of Cheibriados the Contemplative
  4538 | D:6      | Reached skill level 9 in Maces & Flails
  5058 | D:6      | Reached * piety under Cheibriados
  5144 | D:6      | Identified the Handbook of the Entourage and Transmutation
  5328 | D:7      | Noticed a hippogriff
  5330 | D:7      | Noticed a hippogriff
  5344 | D:7      | Killed a hippogriff
  5344 | D:7      | Reached skill level 5 in Shields
  5353 | D:7      | Killed a hippogriff
  5353 | D:7      | Reached skill level 5 in Fighting
  5353 | D:7      | Reached XP level 9. HP: 38/68 MP: 9/9
  5578 | D:7      | Reached skill level 10 in Maces & Flails
  5909 | D:7      | Found a shadowy altar of Dithmenos.
  5978 | D:7      | Reached ** piety under Cheibriados
  6661 | D:8      | Noticed vatarom's ghost (novice DrTm)
  6682 | D:8      | Killed vatarom's ghost
  6682 | D:8      | Reached XP level 10. HP: 57/79 MP: 10/10
  6837 | D:9      | Reached *** piety under Cheibriados
  6868 | D:9      | Noticed Maurice
  6883 | D:9      | Killed Maurice
  6883 | D:9      | Reached skill level 1 in Dodging
  6887 | D:9      | Found Petof's Assorted Antiques.
  6895 | D:9      | Bought a potion of heal wounds for 180 gold pieces
  6895 | D:9      | Bought a scroll of fear for 126 gold pieces
  6935 | D:9      | Noticed a four-headed hydra
  6947 | D:9      | Killed a four-headed hydra
  6947 | D:9      | Reached skill level 11 in Maces & Flails
  7334 | D:9      | Noticed Grum
  7359 | D:9      | Killed Grum
  7492 | D:9      | Found a shimmering altar of Xom.
  7492 | D:9      | Found a bloodstained altar of Trog.
  7493 | D:9      | Found a sacrificial altar of Ru.
  7691 | D:9      | Noticed Erolcha
  7701 | D:9      | HP: 1/80 [Erolcha/enchanted giant spiked club (21)]
  7706 | D:9      | Killed Erolcha
  7706 | D:9      | Reached skill level 5 in Armour
  7706 | D:9      | Reached XP level 11. HP: 27/86 MP: 11/11
  7992 | D:9      | Noticed Gastronok
  8039 | D:9      | HP: 2/86 [Gastronok (31)]
  8040 | D:9      | Killed Gastronok
  8040 | D:9      | Reached skill level 12 in Maces & Flails
  8492 | D:10     | Entered Level 10 of the Dungeon
  8492 | D:10     | Noticed Urug
  8517 | D:10     | Killed Urug
  8576 | D:10     | Noticed a two-headed ogre
  8587 | D:10     | Killed a two-headed ogre
  8618 | D:10     | Reached **** piety under Cheibriados
  8724 | D:10     | Noticed a two-headed ogre
  8736 | D:10     | Killed a two-headed ogre
  8736 | D:10     | Reached skill level 1 in Invocations
  8851 | D:10     | Found a staircase to the Lair.
  8939 | D:10     | Reached XP level 12. HP: 94/95 MP: 12/14
  8978 | D:10     | Found a staircase to the Orcish Mines.
  9489 | D:10     | Noticed Harold
  9495 | D:10     | Killed Harold
  9672 | D:11     | Reached ***** piety under Cheibriados
  9731 | D:11     | Noticed an unseen horror
  9734 | D:11     | Noticed a sixfirhy
  9739 | D:11     | Killed an unseen horror
  9739 | D:11     | Reached skill level 13 in Maces & Flails
  9739 | D:11     | Reached skill level 5 in Dodging
  9820 | D:11     | Reached skill level 5 in Invocations
 10117 | D:11     | Noticed a two-headed ogre
 10119 | D:11     | Killed a two-headed ogre
 10138 | D:11     | Found a shadowy altar of Dithmenos.
 10398 | Lair:1   | Entered Level 1 of the Lair of Beasts
 11372 | Lair:2   | Reached skill level 10 in Fighting
 11378 | Lair:2   | Reached ****** piety under Cheibriados
 11424 | Lair:2   | Reached XP level 13. HP: 32/103 MP: 17/17
 12214 | Lair:2   | Splashed by an oklob plant's acid

Skill      XL: |  1  2  3  4  5  6  7  8  9 10 11 12 |
---------------+-------------------------------------+-----
Maces & Flails | 3 5 7 8 9 10 11 12 13 | 13.6
Shields        | 5 7 9 |  9.0
Fighting       | 5 7 8 9 10 | 10.2
Dodging        | 2 4 5 |  5.9
Armour         | 5 6 7 |  7.9
Invocations    | 2 6 |  6.0

Action                   |  1- 3 |  4- 6 |  7- 9 | 10-12 | 13-15 || total
-------------------------+-------+-------+-------+-------+-------++-------
Melee: Flail             |   136 |   106 |   412 |   161 |       ||   815
       Morningstar       |       |       |       |   323 |    24 ||   347
Invok: Bend Time         |       |       |       |     1 |       ||     1
       Slouch            |       |       |       |     1 |       ||     1
  Use: Potion            |     1 |     9 |       |     2 |       ||    12
       Scroll            |       |     4 |     9 |     4 |       ||    17
  Eat: Chunk             |     2 |     4 |     7 |     4 |       ||    17
       Ration            |       |     1 |       |     2 |       ||     3
Armor: Scale mail        |    68 |    61 |   161 |    46 |       ||   336
       Plate armour      |       |       |       |    98 |     7 ||   105
Dodge: Dodged            |    38 |    43 |   106 |   172 |     2 ||   361
Block: Shield            |    71 |    71 |   211 |   315 |    15 ||   683
